 Dungeon Crawl Stone Soup version 0.18-b1-22-ge198996 (webtiles) character file.

72 Chiseanne the Magician (level 4, 30/30 HPs)
             Began as a Demonspawn Wizard on May 3, 2016.
             Quit the game on level 2 of the Dungeon.
             The game lasted 00:03:50 (1754 turns).

Chiseanne the Magician (Demonspawn Wizard)          Turns: 1754, Time: 00:03:51

Health: 30/30      AC:  2    Str:  8    XL:     4   Next: 7%
Magic:  1/10       EV: 12    Int: 20    God:
Gold:   37         SH:  0    Dex: 11    Spells: 4 memorised, 3 levels left

rFire  . . .     SeeInvis .     i - +0 short sword
rCold  . . .     Gourm    .     a - +0 robe
rNeg   . . .     Faith    .     (no shield)
rPois  .         Spirit   .     b - +0 hat
rElec  .         Dismiss  .     (no cloak)
rCorr  .         Reflect  .     (no gloves)
SustAt .         Harm     .     (no boots)
MR     .....                    (no amulet)
Stlth  ++........               (no ring)
                                (no ring)

@: repel missiles, not resistant to hostile enchantments, unstealthy
A: antennae 1, spiny 1
a: no special abilities


You were on level 2 of the Dungeon.
You were not hungry.

You visited 1 branch of the dungeon, and saw 2 of its levels.

You collected 37 gold pieces.

Inventory:

Hand Weapons
 i - a +0 short sword (weapon)
Missiles
 e - 43 sling bullets
 g - 110 stones (quivered)
 m - 2 curare-tipped needles
 x - 51 arrows
 y - 2 tomahawks
 A - 9 poisoned needles
Armour
 a - a +0 robe (worn)
 b - a +0 hat (worn)
Jewellery
 k - a cursed ring of fire
 l - a +5 ring of protection {unknown}
Scrolls
 h - a scroll of teleportation
 j - a scroll of random uselessness {unknown}
 n - a scroll of enchant armour {unknown}
 o - a scroll of noise {unknown}
 w - 2 scrolls of remove curse {unknown}
 B - a scroll of fear {unknown}
Potions
 f - a potion of cancellation {unknown}
 q - 4 potions of curing {unknown}
 s - a potion of flight {unknown}
 t - 2 potions of heal wounds {unknown}
 v - a potion of ambrosia {unknown}
 z - 3 potions of might {unknown}
 D - a potion of lignification {unknown}
Books
 c - a book of Minor Magic

   Spells                             Type                      Level
   a - Magic Dart                     Conjuration                  1
   b - Blink                          Translocation                2
   c - Call Imp                       Summoning                    2
   d - Repel Missiles                 Charms/Air                   2
   e - Slow                           Hexes                        2
   f - Conjure Flame                  Conjuration/Fire             3
   g - Mephitic Cloud                 Conjuration/Poison/Air       3
 u - a book of the Sky

   Spells                             Type                      Level
   a - Summon Lightning Spire         Summoning/Air                4
   b - Airstrike                      Air                          4
   c - Silence                        Hexes/Air                    5
   d - Deflect Missiles               Charms/Air                   6
   e - Conjure Ball Lightning         Conjuration/Air              6
   f - Tornado                        Air                          9
Comestibles
 d - 2 bread rations
 p - 4 fruits
 r - 2 meat rations
 C - a chunk of flesh


   Skills:
 - Level 1.7 Dodging
 - Level 1.7 Stealth
 * Level 4.1 Spellcasting
 * Level 2.4 Conjurations
   Level 1.0 Summonings
 - Level 0.8 Translocations


You had 3 spell levels left.
You knew the following spells:

 Your Spells              Type           Power        Failure   Level  Hunger
a - Magic Dart            Conj           ##..         4%          1    None
b - Blink                 Tloc           N/A          17%         2    #......
c - Repel Missiles        Chrm/Air       #.....       21%         2    #......
d - Mephitic Cloud        Conj/Pois/Air  #.......     30%         3    ###....


Dungeon Overview and Level Annotations

Branches:
Dungeon (2/15)

Altars:
Fedhas


Innate Abilities, Weirdness & Mutations

You have a pair of small antennae on your head.
You are partially covered in sharp spines.


Message History

The ball explodes into a vile cloud!
The stinking cloud engulfs the gnoll.
The gnoll is lightly wounded.
The stinking cloud engulfs the gnoll.
The gnoll is lightly wounded.
The gnoll is engulfed in noxious fumes.
The gnoll appears confused.
The gnoll is engulfed in noxious fumes.
The gnoll appears confused.
Casting: Mephitic Cloud
Confirm with . or Enter, or press ? or * to list all spells.
Aiming: Magic Dart
Press: ? - help, Shift-Dir - straight line, f/p - gnoll
Aim: a gnoll, wielding a flail (lightly wounded, confused)
The magic dart hits the gnoll.
The gnoll is heavily wounded.
The gnoll is engulfed in noxious fumes.
The gnoll appears confused.
The gnoll hits the gnoll with a spear!
The gnoll is killed!
You have reached level 4!
You feel stronger.
Your demonic ancestry asserts itself...
A pair of antennae grows on your head!
Are you sure you want to abandon this character and quit the game? (Confirm with "yes".)

...............##. ..
....P.P..########.
#.######.._....#.#####.
.........P.P.........#.
..g..#.....#.#..##.#.
#§).###..##....##.#.
)####g§§###.####...##.#.
.....§...........>......
######@###.######.#####
#.......................
#.#####.###..###.######.
#.................
###.....#..#..#.#.
#...........#...
#.#.............
#.##.....#......
#.#########.#...


You could see 2 gnolls.

Vanquished Creatures
  A gnoll (D:2)
  An adder (D:2)
  An adder zombie (D:2)
  A worm (D:2)
  2 dart slugs (D:1)
  2 giant geckos (D:2)
  A bat skeleton (D:2)
  2 bat zombies (D:2)
  4 giant cockroaches
  7 goblins
  4 hobgoblins
  4 kobolds
  A quokka (D:2)
  2 ball pythons
  A ball python zombie (D:2)
  A bat (D:2)
  A giant cockroach zombie (D:2)
  A jackal skeleton (D:2)
  4 rats
41 creatures vanquished.

Notes
Turn   | Place    | Note
--------------------------------------------------------------
     0 | D:1      | Chiseanne the Demonspawn Wizard began the quest for the Orb.
     0 | D:1      | Reached XP level 1. HP: 13/13 MP: 4/4
   348 | D:1      | Gained mutation: You are partially covered in sharp spines. [demonic ancestry]
   348 | D:1      | Reached XP level 2. HP: 19/19 MP: 0/6
  1064 | D:1      | Learned a level 2 spell: Blink
  1067 | D:1      | Learned a level 2 spell: Repel Missiles
  1105 | D:2      | Reached XP level 3. HP: 23/24 MP: 8/8
  1219 | D:2      | Learned a level 3 spell: Mephitic Cloud
  1279 | D:2      | Found a blossoming altar of Fedhas.
  1553 | D:2      | Reached skill level 4 in Spellcasting
  1753 | D:2      | Gained mutation: You have a pair of small antennae on your head. [demonic ancestry]
  1753 | D:2      | Reached XP level 4. HP: 30/30 MP: 1/10
  1754 | D:2      | Quit the game

Skill      XL: |  1  2  3 |
---------------+----------+-----
Conjurations   | 2 |  2.4
Spellcasting   | 4 |  4.1
Dodging        | |  1.7
Stealth        | |  1.7
Summonings     | |  1.0
Translocations | |  0.8

Action                   |  1- 3 |  4- 6 || total
-------------------------+-------+-------++-------
Melee: Short sword       |    57 |       ||    57
 Cast: Magic Dart        |    22 |       ||    22
       Mephitic Cloud    |     1 |       ||     1
       Repel Missiles    |     1 |       ||     1
  Use: Scroll            |     2 |       ||     2
 Stab: Sleeping          |     4 |       ||     4
  Eat: Chunk             |     3 |       ||     3
Armor: Robe              |    10 |       ||    10
Dodge: Dodged            |    28 |       ||    28
       Deflected         |     1 |       ||     1
